[Event "44th Chess Olympiad Open 2022"]
[Site "Chennai"]
[Date "2022.08.09"]
[Round "11.7"]
[White "Bartel, Mateusz"]
[Black "Solak, Dragan"]
[Result "1-0"]
[ECO "E11"]
[WhiteElo "2597"]
[BlackElo "2594"]
[Annotator "TA"]
[PlyCount "151"]
[EventDate "2022.07.29"]
[EventType "team-tourn"]
[EventCountry "IND"]
[SourceTitle "playchess.com"]
[Source "ChessBase"]
[SourceQuality "1"]
[WhiteTeam "Poland"]
[BlackTeam "Turkey"]
[WhiteTeamCountry "POL"]
[BlackTeamCountry "TUR"]
[TimeControl "40/5400+30:1800+30"]

1. d4 d5 2. c4 c6 3. Nf3 Nf6 4. Qb3 e6 5. Nc3 Be7 6. g3 O-O 7. Bg2 b6 8. O-O Ba6 9. cxd5 cxd5 10. Ne5 Bb7 11. Bf4 Nc6 {[%emt 0:02:15] E11: Bogo-Indian.} 12. Rfd1 Na5 13. Qc2 Rc8 {[%emt 0:00:31] The position is equal.} 14. Rac1 Ne4 {[%emt 0:04:26] [#]} 15. Qd3 $146 (15. Bxe4 $11 {remains equal.} dxe4 16. Qb1) ({Predecessor:} 15. f3 Nxc3 16. bxc3 Ba3 17. Rb1 Bd6 18. Rbc1 Rc7 19. e4 Qe7 20. Nd3 Rfc8 21. Qd2 {0-1 (36) Martin Del Campo C,J (2346)-Nogueiras Santiago,J (2528) Merida 2002}) 15... Nxc3 (15... f6 $17 16. Ng4 Nc4) 16. Rxc3 $11 Rxc3 17. Qxc3 f6 18. Nd3 Qd7 19. b3 Rc8 20. Qb2 Nc6 21. h4 Nb4 22. Ne1 Nc6 23. Bh3 Nd8 24. Ng2 Qc6 25. Rc1 Qd7 26. h5 Rxc1+ 27. Qxc1 Qc8 28. Qe3 Ba6 29. Qd2 Qc6 30. Be3 Bc8 31. Nf4 Nf7 32. Nd3 Nd6 33. f3 Nf7 34. Kh2 a5 35. Nf4 Ng5 36. Bg4 Kf7 37. Nd3 {[%emt 0:02:43] Strongly threatening Bxg5.} Qc7 38. Bf4 Bd6 39. Bxg5 fxg5 40. Qxg5 Bxg3+ 41. Kg2 Bd6 42. h6 g6 43. Ne5+ Bxe5 44. dxe5 {[%emt 0:00:00][%mdl 4096] Endgame KQB-KQB} Qe7 {[%emt 0:00:24] Prevents Qf6+.} 45. Qe3 {[%emt 0:00:00] White is more active.} Qc5 46. Qf4+ Ke8 47. Qf6 Qf8 48. Qxf8+ ({Not} 48. Qg7 Qxg7 49. hxg7 Kf7 $17) 48... Kxf8 $14 {[%emt 0:00:03] KB-KB} 49. Kf2 Ke7 50. Ke3 Ba6 51. f4 Bb5 52. Kd4 Ba6 53. Kc3 Bb5 54. e3 Be8 $2 {[%emt 0:10:07][%mdl 8192] White now steadily converts the win.} (54... Bd7 $14) 55. b4 $1 $18 axb4+ 56. Kxb4 Bd7 57. Be2 $2 (57. Bd1 $1 $18 ) 57... Kf7 $2 (57... Be8 $14) 58. Bd3 Bc6 59. Bc2 Bd7 60. a3 Kf8 61. Ba4 Bc8 62. Bc6 Ba6 63. Bb5 Bc8 64. Bc6 {[%emt 0:00:57] Intending Kb5 and mate.} Ba6 $1 {[%emt 0:00:03] [#]} 65. Bd7 $1 Kf7 66. a4 $2 (66. Bb5 $18 {and the rest is easy.} Bb7 67. a4) 66... Ke7 $2 (66... Bd3 $16) 67. Bc6 $2 ({White has to play} 67. Bb5 $18 Bc8 68. a5 bxa5+ 69. Kxa5) 67... Kf7 $2 {[%emt 0:00:48][%mdl 8192] [#]} (67... Bd3 $11) 68. Bb5 $1 {[%emt 0:00:49] White mates.} Bc8 69. a5 bxa5+ 70. Kxa5 g5 71. fxg5 Kg6 72. Kb6 Kxg5 73. Kc7 Kf5 74. Kxc8 Kxe5 75. Kd7 Kf6 76. Kd6 {[%emt 0:00:08] Weighted Error Value: White=0.21 (precise) /Black=0.36} 1-0

[Event "44th Chess Olympiad Open 2022"]
[Site "Chennai"]
[Date "2022.08.09"]
[Round "11.7"]
[White "Ali Marandi, Cemil Can"]
[Black "Moranda, Wojciech"]
[Result "1-0"]
[ECO "B15"]
[WhiteElo "2561"]
[BlackElo "2636"]
[Annotator "TA"]
[PlyCount "83"]
[EventDate "2022.07.29"]
[EventType "team-tourn"]
[EventCountry "IND"]
[SourceTitle "playchess.com"]
[Source "ChessBase"]
[SourceQuality "1"]
[WhiteTeam "Turkey"]
[BlackTeam "Poland"]
[WhiteTeamCountry "TUR"]
[BlackTeamCountry "POL"]
[TimeControl "40/5400+30:1800+30"]

1. e4 c6 2. d4 d5 3. Nc3 dxe4 4. Nxe4 Nf6 5. Nxf6+ exf6 6. c3 Bd6 7. Bd3 O-O 8. Qc2 {[%emt 0:00:05] Active counter play!} Re8+ {[%emt 0:00:17] B15: Caro-Kann: 3 Nc3: 3...g6 and 3...dxe4 4 Nxe4 Nf6 5 Nxf6+ exf6.} 9. Ne2 h5 10. Be3 Nd7 {[%emt 0:00:41] White has an edge.} 11. O-O-O b5 12. g4 $5 {[%emt 0:00:11][%mdl 4] Exploring less charted territory.} (12. d5 $14) 12... hxg4 $11 13. Rdg1 {[%emt 0:00:13] Strongly threatening h3.} Nf8 $1 {[%emt 0:10:29] [#]} 14. Ng3 $146 ({Predecessor:} 14. h3 Be6 15. Kb1 Qa5 16. b3 c5 17. dxc5 Be5 18. f4 gxf3 19. Nd4 Rad8 20. b4 {0-1 (28) Balabayeva,K (2146)-Amburgy,R (1905) Chess.com INT 2020}) 14... g6 {[%emt 0:01:40] Against Nf5} 15. h3 {[%emt 0:03:25] aiming for hxg4.} Bxg3 ({But not} 15... gxh3 $6 16. Ne4 $15) 16. Rxg3 Qd5 17. Rh2 gxh3 18. f4 Bg4 19. f5 $1 Rxe3 20. Rxe3 {[%emt 0:01:15] Rg3 is the strong threat.} gxf5 21. Bf1 Ng6 {[%emt 0:01:54] Hoping for ...f4.} 22. Bxh3 Kg7 23. Rg3 Qd6 {[%emt 0:05:13] [#]} (23... Qe6 $11 24. Qf2 Rh8) 24. Qf2 ({White has to play} 24. Rhg2 $1 $16) 24... Rh8 25. Kb1 ({Reject} 25. Bxg4 Rxh2 26. Qxh2 Qf4+ 27. Qd2 Qxg3 28. Bxf5 Ne7 $15) 25... Qf4 26. Qxf4 $1 Nxf4 {[%emt 0:00:07] [#]} 27. Bxg4 Rxh2 28. Bxf5+ {[%emt 0:00:03][%mdl 4096] Endgame KRB-KRN} Kf8 29. Bd7 Ke7 (29... Rh1+ $14 30. Kc2 Rh2+ 31. Kb1 Rh1+ 32. Kc2 Rh2+ 33. Kb3 Ne2) 30. Bxc6 $16 a6 31. a4 bxa4 (31... Rh5 $142) 32. Bxa4 Ne6 33. Re3 {[%emt 0:02:53] Threatens to win with d5.} Kd6 34. Rf3 Ke7 35. Rf5 Rg2 36. Ra5 Nc7 37. Rc5 Ne6 38. Rc6 a5 {[%emt 0:01:21] [#]} (38... Ng5 $16 39. Bc2 (39. Rxa6 f5 $16) 39... Rf2 40. Rxa6 f5 41. Ra7+ Ke6) 39. d5 $1 $18 Nf4 $2 (39... Rg1+ {is more resistant.} 40. Ka2 Rg4) 40. d6+ Ke6 41. d7+ Ke7 42. Rc8 {[%emt 0:00:00] Prevents Rg8.  Weighted Error Value: White=0.08 (flawless) /Black=0.40} 1-0

[Event "44th Chess Olympiad Open 2022"]
[Site "Chennai"]
[Date "2022.08.09"]
[Round "11.8"]
[White "Volokitin, Andrei"]
[Black "Laurusas, Tomas"]
[Result "1/2-1/2"]
[ECO "C42"]
[WhiteElo "2674"]
[BlackElo "2561"]
[Annotator "TA"]
[PlyCount "141"]
[EventDate "2022.07.29"]
[EventType "team-tourn"]
[EventCountry "IND"]
[SourceTitle "playchess.com"]
[Source "ChessBase"]
[SourceQuality "1"]
[WhiteTeam "Ukraine"]
[BlackTeam "Lithuania"]
[WhiteTeamCountry "UKR"]
[BlackTeamCountry "LTU"]
[TimeControl "40/5400+30:1800+30"]

1. e4 {[%emt 0:00:03] Rogozenco,D} e5 2. Nf3 Nf6 3. Nxe5 d6 4. Nf3 Nxe4 5. Nc3 Nxc3 6. dxc3 Be7 7. Be3 Nc6 8. Qd2 Be6 {[%emt 0:00:09] 8...Bf5 injects fresh life into this line.} 9. O-O-O {[%emt 0:00:15] C42: Petroff Defence: 3 Nxe5 and unusual White 3rd moves.} Qd7 (9... Bxa2 $2 10. b3 $18) 10. h4 h6 (10... Bxa2 $2 11. b3 $18) 11. Kb1 {[%emt 0:02:52] White has an edge.} Bf6 12. Nd4 Nxd4 13. Bxd4 Bxd4 14. Qxd4 O-O 15. Be2 (15. Rg1 {is more complex.} Qc6 16. Bd3 Qd5 17. Qa4) 15... Rae8 {[%emt 0:00:07][%cal Oe6a2] [#] Hoping for ...Bxa2+!} 16. Bf3 b6 17. g4 Qb5 {[%emt 0:05:06] [#]} 18. b3 $146 (18. g5 {with more complications.} Qc4 19. gxh6 Qxd4 20. cxd4 gxh6 21. Bc6) ({Predecessor:} 18. g5 Qc4 19. gxh6 Qxd4 20. Rxd4 gxh6 21. Bc6 Rd8 22. Ra4 a5 23. b4 axb4 24. cxb4 {½-½ (47) Ponomariov,R (2751)-Wang,H (2733) Bucharest 2013 CBM 157 [Rogozenco,D]}) 18... Qc5 19. Qd2 Bd7 20. Rhg1 Bc6 21. Bxc6 Qxc6 22. h5 Qf3 23. Rde1 {[%emt 0:02:28] Inhibits Re2.} Rxe1+ 24. Qxe1 $11 {[%emt 0:00:02][%mdl 4096] Endgame KQR-KQR} Qc6 25. Rg3 Re8 26. Re3 Rxe3 27. Qxe3 {[%emt 0:00:02] KQ-KQ} Kf8 28. Kb2 Qd5 29. f4 a5 30. f5 Qe5 31. Qd3 Ke7 32. Qa6 d5 33. Qc8 d4 34. cxd4 Qxd4+ 35. Kc1 Qd6 36. a4 Kf6 37. Kb1 Kg5 38. Ka2 Qe7 39. Qg8 $2 (39. Kb1 $17) 39... Qf6 $19 ({Worse is} 39... Kxg4 40. Qxg7+ Kxh5 41. Kb1 $17) 40. Qb8 Qc6 ({Don't blunder} 40... Kxg4 $2 41. Qxc7 Kxh5 42. c4 $17) 41. c4 Kxg4 42. f6 $2 (42. Qf8 Qf6 43. c5) 42... Qxf6 43. Qxc7 Qf2+ 44. Kb1 Kxh5 45. c5 Qxc5 46. Qxf7+ g6 47. Qe8 Qf2 {[%emt 0:06:43] Prevents Qe2+.} 48. Ka1 Kh4 $2 (48... Kg5 $19 49. Qe5+ Kh4 50. Qe4+ Kh5 51. Qh1+ Kg5 52. Qd5+ Qf5 53. Qd2+ Qf4 54. Qd5+ Kh4 55. Qh1+ Kg4 56. Qd1+ Kf5 57. Qd7+ Ke4 58. Qc6+ Kf5 59. Qd7+ Kg5 60. Qd5+ Kh4 61. Qh1+ Kg4 62. Qd1+ Kf5 63. Qd7+) 49. Qxg6 $11 {[%emt 0:01:01] The position is equal.} Qd4+ 50. Ka2 h5 51. Qg2 Qe3 52. Qh1+ Kg4 53. Qd1+ Qf3 54. Qg1+ Kf4 55. Qxb6 h4 56. Qxa5 h3 57. Qc7+ Kg4 58. Qg7+ Kh4 59. Qe7+ Kg3 60. Qe5+ Kf2 {[%emt 0:01:26] [#] ( -> ...Qe2+)} 61. Ka3 Qf8+ 62. Ka2 {[%emt 0:00:02] And now Qh2+ would win.} Kg2 {[%emt 0:01:27] Prevents Qh2+.} 63. Qg5+ Kf1 64. Qc1+ Kf2 65. Qd2+ Kf3 66. a5 Qf4 67. Qd5+ Kg3 68. Qd3+ Kh4 69. Qh7+ Kg3 70. Qd3+ Kh4 71. Qh7+ {[%emt 0:00:43] And White is the lucky defender.  Weighted Error Value: White=0.19 (very precise) /Black=0.11 (very precise)} 1/2-1/2

[Event "44th Chess Olympiad Open 2022"]
[Site "Chennai"]
[Date "2022.08.09"]
[Round "11.8"]
[White "Shevchenko, Kirill"]
[Black "Pultinevicius, Paulius"]
[Result "0-1"]
[ECO "D36"]
[WhiteElo "2654"]
[BlackElo "2539"]
[Annotator "TA"]
[PlyCount "172"]
[EventDate "2022.07.29"]
[EventType "team-tourn"]
[EventCountry "IND"]
[SourceTitle "playchess.com"]
[Source "ChessBase"]
[SourceQuality "1"]
[WhiteTeam "Ukraine"]
[BlackTeam "Lithuania"]
[WhiteTeamCountry "UKR"]
[BlackTeamCountry "LTU"]
[TimeControl "40/5400+30:1800+30"]

1. c4 e6 2. Nc3 d5 3. d4 Nf6 4. cxd5 exd5 5. Bg5 c6 6. e3 h6 7. Bh4 Be7 8. Bd3 O-O 9. Qc2 Re8 10. Nge2 a5 {[%emt 0:00:08] D36: Queen's Gambit Declined: Exchange Variation: Main line (5 Bg5 c6 6 Qc2).} 11. O-O Na6 12. a3 {[%emt 0:01:17] Inhibits Nb4.} Nc7 {[%emt 0:00:27] The position is equal.} 13. Rae1 Ne6 {[%emt 0:00:51] [#]} 14. Kh1 $146 ({Predecessor:} 14. f3 b5 15. Bf2 b4 16. axb4 Bxb4 17. Rc1 c5 18. dxc5 Nxc5 19. Bb5 Bd7 20. Rfd1 Bxb5 21. Nxb5 {1-0 (50) Sarana,A (2689)-Dreev,A (2633) Riga 2021}) 14... b5 15. f3 Ba6 16. Bf2 Qb8 17. Bg3 Qb6 18. Bf5 Bf8 19. Rg1 Qb7 20. Nf4 Nxf4 21. Bxf4 c5 22. e4 dxe4 (22... g6 $11 {might be stronger.}) 23. Nxe4 $14 Nd5 24. Be5 c4 (24... cxd4 $1 $14 25. Bxd4 Qc7) 25. Nc5 $2 ({White must play} 25. g4 $1 $18 ) 25... Qa7 26. Qe4 (26. Be4 $5 Rad8 27. Bh7+ Kh8 28. Nxa6 Qxa6 29. Be4 $11) 26... Bxc5 27. dxc5 ({Much weaker is} 27. Qxd5 Bb6 $15) 27... Qxc5 28. Qg4 Qf8 29. Bb1 {[%emt 0:02:00] This bishop pair is nice.} Bb7 ({Resist} 29... f6 30. Bg3 Red8 31. Qg6 $16) 30. Qf5 (30. a4 $5) 30... g6 31. Qd7 Re7 32. Qxb5 Qe8 33. Qxe8+ Raxe8 34. Bg3 Re2 35. Ba2 Ba6 36. h4 {[%emt 0:00:29] [#]} (36. Bb1 $11 {remains equal.}) 36... Nf4 $1 $36 {[%emt 0:00:25][%mdl 2048] White is under strong pressure.} 37. Kh2 (37. Bb1 Nd3) 37... Nd3 {[%emt 0:00:23] 0x0.001f24fa5f45dp-1022s more active pieces.} 38. Rxe2 Rxe2 39. Bb1 Rxb2 40. Rd1 f6 (40... a4 $142 41. Bxd3 cxd3) 41. a4 Kf7 {[%emt 0:07:35][%cal Ob2b1] And now ...Rxb1! would win.} 42. Bxd3 cxd3 {[%emt 0:00:06][%mdl 4096] Endgame KRB-KRB} 43. Be1 Ke6 44. Bxa5 Kd5 45. Bc3 ({White should try} 45. Kg3 $15) 45... Rc2 $1 46. Bxf6 d2 {[%emt 0:00:54] Hoping for ...Be2.} 47. Bc3 Rxc3 48. Rxd2+ {[%emt 0:00:02] KRB-KR} Bd3 49. Ra2 {[%emt 0:03:14] Prevents Ra3.} Kc4 (49... Bc4 $17 50. Ra1 Kc6) 50. a5 $15 {[%emt 0:00:36] Threatens to win with a6.} Kb3 51. Rd2 Kb4 52. Ra2 Rc6 53. Kg3 {[%emt 0:00:36] [#]} ({White should play} 53. g4) 53... Kb3 (53... Bc4 $142 $1 54. Ra1 Rf6) 54. Ra1 $17 Ra6 55. Kf4 Bc2 56. Kg3 (56. g4 $142) 56... Kb2 57. Re1 Rxa5 58. Re8 Kc3 59. Rh8 (59. Rc8+ $17 Kd2 60. Kf2) 59... h5 $19 60. Re8 Kd2 61. Kf2 Ra4 {[%emt 0:01:15] Against g4} 62. Re2+ Kc3 63. Kg3 Bd3 64. Re1 Ra2 65. Rc1+ $2 (65. Re8 {is a better defense.}) 65... Kd4 (65... Kd2 $142 66. Rc7 Bf5) 66. Re1 Kc3 $2 (66... Bf5 67. Rd1+ Ke5 68. Re1+ Kd5) 67. Rc1+ $1 Kd2 68. Rg1 Ra4 69. Rh1 Bc2 70. Kf2 Bd1 71. Rh3 Rb4 72. Rh1 Rc4 73. Rh3 Bc2 74. Rh1 Ra4 75. Kg3 $2 (75. g4) 75... Ke2 {[%emt 0:00:13] ( -> ...Bd1)} 76. Rg1 Bd1 {[%emt 0:00:55] Black mates.} 77. Rh1 Rb4 78. Rg1 Rb1 79. Rh1 Bc2 80. Rxb1 Bxb1 {[%emt 0:00:05] KB-K3P} 81. Kf4 Kf2 82. g4 {[%emt 0:00:05] [#]} Ba2 $1 83. Kg5 Bf7 84. f4 Kf3 85. f5 hxg4 86. fxg6 Bxg6 {[%emt 0:00:30] Weighted Error Value: White=0.18 (very precise) /Black=0.13 (very precise)} 0-1

[Event "44th Chess Olympiad Open 2022"]
[Site "Chennai"]
[Date "2022.08.09"]
[Round "11.8"]
[White "Stremavicius, Titas"]
[Black "Kuzubov, Yuriy"]
[Result "1/2-1/2"]
[ECO "A13"]
[WhiteElo "2532"]
[BlackElo "2642"]
[Annotator "TA"]
[PlyCount "159"]
[EventDate "2022.07.29"]
[EventType "team-tourn"]
[EventCountry "IND"]
[SourceTitle "playchess.com"]
[Source "ChessBase"]
[SourceQuality "1"]
[WhiteTeam "Lithuania"]
[BlackTeam "Ukraine"]
[WhiteTeamCountry "LTU"]
[BlackTeamCountry "UKR"]
[TimeControl "40/5400+30:1800+30"]

1. c4 e6 2. g3 d5 3. Nf3 dxc4 4. Qa4+ Nd7 5. Bg2 Ngf6 6. O-O c5 7. Qxc4 b6 8. Nc3 Bb7 9. d3 {[%emt 0:00:18] A13: English Opening: 1...e6.} Bd6 10. a4 O-O 11. a5 {[%emt 0:06:50] [#]} Bc6 $146 ({Predecessor:} 11... Nd5 12. Bg5 Be7 13. Bxe7 Qxe7 14. e4 Nb4 15. a6 Bc6 16. d4 cxd4 17. Nxd4 Ne5 18. Nxc6 Nbxc6 {1-0 (31) Baramidze,D (2585)-Sokolov,A (2490) Baden 2016}) 12. Bg5 Qb8 13. Nb5 Bxb5 (13... Be5 {feels hotter.} 14. axb6 axb6 15. d4 Bd5) 14. Qxb5 a6 $1 15. Qb3 b5 16. Nd2 Ra7 17. Ne4 Nxe4 18. Bxe4 Rc7 19. Qc2 h6 20. Bd2 c4 21. dxc4 Rxc4 22. Qb1 Rfc8 23. b3 R4c7 24. Ra2 Be5 25. Rd1 Nf6 26. Bf3 Nd5 27. Bxd5 exd5 28. Qf5 Rc6 29. Be3 Rf6 30. Qg4 Rg6 31. Qh5 Rc3 $1 32. Rxd5 Rxe3 33. fxe3 $14 Bxg3 34. Kh1 Bf2 ({Black should play} 34... Bc7 $14) 35. Ra1 $16 Bxe3 36. Qe5 (36. Rf1 $16) 36... Qxe5 (36... Qa8 $1 $14) 37. Rxe5 $14 {[%emt 0:00:01][%mdl 4096] Endgame KRR-KRB} Bd4 (37... Bd2 $16) 38. Re8+ $18 Kh7 39. Rf1 (39. Rc1 $18) 39... Rc6 (39... Bc3 $16 {was necessary.} 40. Rxf7 Bxa5) 40. Rxf7 Rc1+ 41. Kg2 {[%emt 0:30:04] Strongly threatening Re6.} Rg1+ 42. Kh3 {[%emt 0:00:09] Hoping for Re6.} Bf6 $2 (42... Bc3 43. e4 Bxa5) 43. Re6 Kg6 44. Rc7 b4 45. Rc4 Kh5 {[%emt 0:00:00][%cal Og7g5] Inhibits Rg4.} 46. Rxa6 g5 47. Rxb4 (47. Rxf6 g4+ 48. Rxg4 Rg3+ 49. Kxg3 $11) 47... Be5 48. Re6 Bc3 49. Rb5 Bxa5 50. Re4 ({Weaker is} 50. Rxa5 Rg3+ 51. Kxg3 $11) 50... Bc7 51. Rc4 Bd6 52. Rd5 Bb8 53. Rb5 Bd6 54. b4 Kg6 55. Rb6 Kh5 {[%emt 0:00:06] [#]} 56. Rh4+ gxh4 57. Rxd6 {[%emt 0:00:03] KR-KR} Rb1 58. Rd5+ $1 Kg6 59. Rd4 $1 ({Inferior is} 59. Kxh4 Rxb4+ 60. Kh3 Re4 $11) 59... Rb2 60. Re4 ({Less strong is} 60. Rxh4 Rxe2 61. Kg3 Rb2 $14) 60... Kf5 61. Rxh4 Kg5 {[%emt 0:00:38] White must now prevent ...Rb3+.} 62. Rg4+ Kf5 63. e3 $1 Rb3 64. Rf4+ $1 Ke5 65. Rh4 Rxe3+ 66. Kg4 Kd5 $2 (66... Rb3 {might work better.}) 67. Kf5 Re5+ (67... Rb3 $142 68. Rxh6 Rxb4) 68. Kg6 {[%emt 0:00:10] Threatening mate with Rh5.} Re6+ 69. Kg7 Rb6 {[%emt 0:00:29] [#]} (69... Re7+ {was worth a try.} 70. Kxh6 Re2) 70. Rg4 $2 (70. b5 $1 $18 {is the precise move to win.}) 70... Ke5 $16 {[%emt 0:00:31] [#]} 71. h4 (71. Kf7 $1 $16) 71... Kf5 $11 {[%emt 0:00:27] The position is equal.} 72. Rc4 h5 73. Kf7 Rb7+ 74. Ke8 Ke6 {[%emt 0:00:04] ( -> ...Rb8+)} 75. Kd8 Kd5 76. Rf4 Ke5 77. Rc4 {[%emt 0:00:21] Kc8 is the strong threat.} Kd5 78. Rf4 Ke5 79. Kc8 Rb5 80. Rc4 {[%emt 0:00:05] White really could win this.  Weighted Error Value: White=0.20 (precise) /Black=0.17 (very precise)} 1/2-1/2

[Event "44th Chess Olympiad Open 2022"]
[Site "Chennai"]
[Date "2022.08.09"]
[Round "11.8"]
[White "Kazakouski, Valery"]
[Black "Onyshchuk, Volodymyr"]
[Result "1-0"]
[ECO "E90"]
[WhiteElo "2528"]
[BlackElo "2612"]
[Annotator "TA"]
[PlyCount "93"]
[EventDate "2022.07.29"]
[EventType "team-tourn"]
[EventCountry "IND"]
[SourceTitle "playchess.com"]
[Source "ChessBase"]
[SourceQuality "1"]
[WhiteTeam "Lithuania"]
[BlackTeam "Ukraine"]
[WhiteTeamCountry "LTU"]
[BlackTeamCountry "UKR"]
[TimeControl "40/5400+30:1800+30"]

1. d4 Nf6 2. c4 g6 3. Nc3 Bg7 4. e4 d6 5. h3 O-O 6. Be3 c6 7. Nf3 Nbd7 8. g4 {[%emt 0:08:09] [#] E90: King's Indian: Classical: Early deviations and 6 h3.} c5 $146 (8... a6 $11) ({Predecessor:} 8... e5 9. d5 cxd5 10. cxd5 Nc5 11. Nd2 a5 12. Rg1 Ne8 13. g5 f5 14. h4 Bd7 15. h5 Rf7 {1-0 (59) Zubarev,A (2544)-Kislinsky,A (2451) Yuzhny 2009}) 9. Bg2 Ne8 10. Qd2 {[%emt 0:07:33] White is slightly better.} Nc7 11. Rd1 b6 12. Bh6 Re8 13. Bxg7 {[%emt 0:01:35] White is more active.} Kxg7 14. d5 ({White should try} 14. O-O $16) 14... f6 $14 15. h4 Rf8 16. Ne2 Ne5 {[%emt 0:02:11] White now steadily converts the win.} 17. Nxe5 dxe5 18. g5 Qd6 19. h5 fxg5 20. Qxg5 Qf6 {[%emt 0:00:11] [#]} (20... h6 $16 21. Qxg6+ Qxg6 22. hxg6 Rf6) 21. Qg3 $1 $18 g5 22. h6+ Kh8 23. Rh5 Rg8 $2 (23... Ne8 {is a better defense.} 24. Rxg5 Nd6) 24. Rd3 {[%emt 0:01:03] Rf3 is the strong threat.} g4 {[%emt 0:05:53] Inhibits Rf3.} 25. Qxe5 Ne8 26. Qc3 Qxc3+ 27. Nxc3 ({Less strong is} 27. Rxc3 Nf6 28. Re5 Re8 $18) 27... Nd6 28. b3 Rb8 29. e5 Nf5 30. Nb5 Bd7 31. e6 Bxb5 32. Rxf5 ({Weaker is} 32. cxb5 Rbf8 $11) 32... Be8 {[%emt 0:00:02] [#] And now ...Bg6 would win.} 33. Rg3 b5 34. Rf4 Bh5 35. cxb5 Rxb5 36. f3 Ra5 37. a4 c4 38. fxg4 cxb3 39. Rxb3 Bxg4 40. Kf2 Rc5 41. Be4 {[%emt 0:33:12] White mates.} Rc4 42. Rg3 a5 43. Rgxg4 Rxg4 44. Rxg4 Rc2+ 45. Kg3 Rg2+ 46. Kf4 Rf2+ 47. Kg5 {[%emt 0:00:00] Weighted Error Value: White=0.06 (flawless) /Black=0.47} 1-0

[Event "44th Chess Olympiad Open 2022"]
[Site "Chennai"]
[Date "2022.08.09"]
[Round "11.9"]
[White "Maghsoodloo, Parham"]
[Black "Erdos, Viktor"]
[Result "1-0"]
[ECO "E60"]
[WhiteElo "2701"]
[BlackElo "2586"]
[Annotator "TA"]
[PlyCount "57"]
[EventDate "2022.07.29"]
[EventType "team-tourn"]
[EventCountry "IND"]
[SourceTitle "playchess.com"]
[Source "ChessBase"]
[SourceQuality "1"]
[WhiteTeam "Iran"]
[BlackTeam "Hungary"]
[WhiteTeamCountry "IRI"]
[BlackTeamCountry "HUN"]
[TimeControl "40/5400+30:1800+30"]

1. d4 Nf6 2. c4 g6 3. h4 c6 {[%emt 0:01:38] [#]} 4. Nh3 $146 ({Predecessor:} 4. Nc3 d5 5. cxd5 cxd5 6. Bf4 Bg7 7. e3 O-O 8. Be2 Nc6 9. h5 Bf5 10. h6 Bh8 {1-0 (33) Ding,L (2799)-Mamedyarov,S (2765) Chess.com INT 2021}) 4... b5 5. cxb5 cxb5 6. Nd2 {[%emt 0:05:47] E60: King's Indian: Unusual lines and Fianchetto Variation without Nc3.} Nc6 7. e3 Rb8 8. Nf4 {[%emt 0:07:04] The position is equal.} Bh6 9. Nd3 d6 10. b3 O-O 11. Bb2 Bf5 12. h5 {[%emt 0:07:53][%cal Bh4h5,Bh5h6][%mdl 32] And now hxg6 would win.} Bg7 (12... Nxh5 $2 13. g4 $18) (12... gxh5 13. d5 Ne5 14. Nxe5 dxe5 15. Bxe5 $11) 13. h6 Bh8 14. Be2 (14. Rc1 $5 Qd7 15. Be2 $14) 14... Re8 15. Rc1 Qb6 16. g4 (16. O-O $14) 16... Bxd3 $11 (16... Nxg4 17. Bxg4 (17. e4 Bxd4 18. Bxg4 Ne5 $14) 17... Bxd3 18. Bd7 $16) 17. Bxd3 e5 18. g5 Nd5 19. Be4 $1 $36 {[%emt 0:00:44][%mdl 2048] Black is under pressure.} Ncb4 20. Bxd5 (20. Nf3 {is more complex.} f5 21. gxf6 Nxf6 22. Bb1) 20... Nxd5 21. dxe5 $1 ({Much worse is} 21. Qf3 exd4 $1 22. O-O (22. Qxd5 dxe3 23. O-O Bxb2 $17) 22... Qd8 $1 $17) 21... Bxe5 (21... dxe5 $11 22. Kf1 Rbd8) 22. Bxe5 $14 Rxe5 {[%emt 0:00:37] [#] This move loses the game for Black.} (22... dxe5 $14 23. Qf3 Rbd8) 23. Nf3 $1 $18 Rf5 {[%emt 0:00:35] [#]} (23... Nxe3 $142 24. fxe3 Qxe3+ 25. Kf1 Rf5) 24. e4 $1 (24. O-O Nc7 $11) 24... Ne3 {[%emt 0:00:17] [#]} 25. Qd4 Ng2+ (25... Qxd4 26. Nxd4) 26. Kf1 {[%emt 0:00:12][%csl Gh6][%cal Rd4g7,Be1f1,Bf1e2,Be2e3][%mdl 32] Really sharp!} Ne3+ $2 (26... Qxd4 27. Nxd4 Rxg5) 27. Ke2 {[%emt 0:00:22][%csl Gh6][%cal Rd4g7] White is clearly winning.} ({Less strong is} 27. fxe3 Qxd4 28. exd4 Rxf3+ 29. Ke2 Rg3 $14) ({Worse is} 27. Qxe3 Qxe3 28. fxe3 Rxf3+ 29. Ke2 Rg3 $11) 27... Qxd4 28. Nxd4 Rxg5 29. Kxe3 {[%emt 0:00:10] Weighted Error Value: White=0.08 (flawless) /Black=0.39} 1-0